 Dungeon Crawl Stone Soup version 0.21.1-1-g345015f (webtiles) character file.

28561 Mgcat the Fighter (level 13, -7/171 HPs)
             Began as a Barachi Berserker on Mar 3, 2018.
             Was a High Priest of Trog.
             Mangled by Sonja
             ... wielding a +2 dagger of distortion
              (21 damage)
             ... on level 11 of the Dungeon on Mar 7, 2018.
             The game lasted 00:28:46 (11201 turns).

Mgcat the Fighter (Barachi Berserker)              Turns: 11201, Time: 00:28:46

Health: -7/171     AC: 14    Str: 27    XL:     13   Next: 39%
Magic:  13/13      EV: 17    Int:  7    God:    Trog [*****.]
Gold:   782        SH:  3    Dex: 14    Spells: 12/12 levels left

rFire    . . .     SeeInvis +   I - +2 war axe
rCold    . . .     Gourm    .   (no shield)
rNeg     . . .     Faith    .   g - +0 ring mail
rPois    .         Spirit   .   o - +2 helmet
rElec    .         Reflect  +   k - +1 cloak
rCorr    .         Harm     .   (no gloves)
MR       +++..                  L - +0 pair of boots
Stlth    ..........             s - +3 amulet of reflection
HPRegen  1.38/turn              q - ring of protection from magic {MR+, !d}
MPRegen  0.13/turn              e - ring of see invisible {sInv, !d}

@: berserking, about to teleport, regenerating, very quick
A: +LOS, swims, slowness 1, strong legs 2
a: Hop, Berserk, Trog's Hand, Brothers in Arms, Burn Spellbooks, Renounce
Religion


You were on level 11 of the Dungeon.
You worshipped Trog.
Trog was extremely pleased with you.
You were very hungry.

You visited 1 branch of the dungeon, and saw 11 of its levels.
You visited the Abyss 1 time.

You collected 782 gold pieces.

Inventory:

Hand Weapons
 p - a +2 great mace
   (You took it off Urug on level 10 of the Dungeon)
 I - a +2 war axe (weapon)
   (You took it off an orc on level 8 of the Dungeon)
 J - a +0 trident
   (You took it off a centaur on level 11 of the Dungeon)
 N - the +10 war axe of Bodily Harmony {flame, -Tele rPois Int+7 Dex+4}
   (Trog gifted it to you on level 11 of the Dungeon)

   It has been specially enchanted to burn those struck by it, causing extra
   injury to most foes and up to half again as much damage against particularly
   susceptible opponents.
   Big, fiery blades are also staple armaments of hydra-hunters.
   It affects your intelligence (+7).
   It affects your dexterity (+4).
   It protects you from poison.
   It prevents most forms of teleportation.
Missiles
 w - 13 tomahawks (quivered)
Armour
 g - a +0 ring mail (worn)
   (You found it on level 1 of the Dungeon)
 k - a +1 cloak (worn)
   (You found it on level 2 of the Dungeon)
 o - a +2 helmet (worn)
   (You found it on level 2 of the Dungeon)
 L - a +0 pair of boots (worn)
   (You found it on level 9 of the Dungeon)
Jewellery
 d - a +2 ring of strength
   (You found it on level 7 of the Dungeon)
 e - a ring of see invisible (right hand) {sInv, !d}
   (You found it on level 7 of the Dungeon)
 n - an uncursed ring of ice {rC+, rF-}
   (You found it on level 2 of the Dungeon)
 q - a ring of protection from magic (left hand) {MR+, !d}
   (You found it on level 3 of the Dungeon)
 s - a +3 amulet of reflection (around neck)
   (You found it on level 7 of the Dungeon)
 E - an uncursed ring of positive energy {rN+}
   (You found it on level 7 of the Dungeon)
Wands
 y - a wand of flame (69)
   (You found it on level 6 of the Dungeon)
 B - a wand of acid (24)
   (You found it on level 6 of the Dungeon)
 M - a wand of enslavement (15)
   (You took it off a centaur on level 11 of the Dungeon)
Scrolls
 b - 5 scrolls of remove curse
 l - a scroll of blinking {!r}
 t - 5 scrolls of teleportation
 x - 3 scrolls of magic mapping {!r}
 G - a scroll of immolation {!r}
Potions
 a - a potion of resistance
 f - 2 potions of might
 j - 4 potions of lignification {!q}
 m - 2 potions of curing
 r - a potion of haste {unknown}
 u - a potion of heal wounds {unknown}
 v - a potion of invisibility
 z - 3 potions of berserk rage {!q}
 A - a potion of cancellation {unknown}
 C - a potion of magic
 F - a potion of flight
 H - 2 potions of agility {unknown}
 K - a potion of brilliance {unknown}
Miscellaneous
 h - a phial of floods
   (You found it on level 11 of the Dungeon)
 i - a fan of gales
   (You found it on level 10 of the Dungeon)
Comestibles
 c - 29 rations
 D - 4 chunks of flesh {@w0}


   Skills:
 + Level 14.8 Fighting
 + Level 13.8 Axes
 + Level 2.1 Throwing
 + Level 10.7 Armour
 + Level 9.9 Dodging


You had 12 spell levels left.
You didn't know any spells.

Dungeon Overview and Level Annotations

Branches:
Dungeon (11/15)            Temple (0/1) D:6            Lair (0/6) D:9
    Orc (0/2) D:9

Altars:
Ashenzari
Dithmenos
Gozag
Okawaru
Qazlal
Sif Muna
Trog
Vehumet
Wu Jian
Xom
The Shining One

Shops:
D:5 *

Annotations:
D:3 2 transporters
D:4 soepske's ghost, amateur DsAK
D:5 1 runed door
D:11 Sonja


Innate Abilities, Weirdness & Mutations

Shadows flee at your approach. (+LOS)
You can swim through water.
You cover ground slowly.
You can hop long distances.


Message History

Okay, then.
You feel better.
You feel better.
Your skin crawls.
You feel resistant to hostile enchantments.
You feel somewhat more hungry.
Okay, then.
Eating one of 10 chunks of flesh {@w0}.
You eat one of the 10 chunks of flesh {@w0}.
This raw flesh tastes terrible.
You are feeling hungry.
Eating one of 9 chunks of flesh {@w0}.
You eat one of the 9 chunks of flesh {@w0}.
This raw flesh tastes terrible.
You feel better.
You feel better.
Okay, then.
Unknown command.
Some of the chunks of flesh in your inventory have rotted away.
You feel yourself speed up.
You feel the effects of Trog's Hand fading.
You now have 782 gold pieces (gained 36).
Your skin stops crawling.
You feel less resistant to hostile enchantments.
Your magical contamination has completely faded away.
Found a gateway leading deeper into the Abyss.
A large abomination comes into view.
A large abomination comes into view.
The large abomination misses you.
The large abomination barely misses you.
The large abomination hits you! The large abomination hits you!!
The large abomination hits you but does no damage.
Okay, then.
As you read the scroll of teleportation, it crumbles to dust.
You feel strangely unstable.
You feel the power of the Abyss delaying your translocation!
The large abomination hits you!
Unknown command.
Unknown command.
Unknown command.
The large abomination hits you!
Unknown command.
Unknown command.
You block the large abomination's attack.
Unknown command.
Unknown command.
Unknown command.
The large abomination hits you!
* * * LOW HITPOINT WARNING * * *
Okay, then.
Unknown command.
The large abomination barely misses you.
The large abomination hits you but does no damage.
You are suddenly pulled into a different region of the Abyss!
Found a gateway leading out of the Abyss.
There is a gateway leading out of the Abyss here.
Okay, then.
You feel better.
You pass through the gate.
Welcome back to the Dungeon!
Level annotation: Sonja Sonja hits you but does no damage.
You resist the pull of the Abyss. You block Sonja's attack.
Sonja completely misses you.
Sonja hits you with an uncursed dagger of distortion.
* * * LOW HITPOINT WARNING * * *
Space bends around you.
* * * LOW HITPOINT WARNING * * *
Sonja closely misses you. Sonja hits you but does no damage.
Space bends around you.
* * * LOW HITPOINT WARNING * * *
Your skin crawls.
You feel resistant to hostile enchantments.
You are feeling hungry.
You are ready to hop once more.
Sonja hits you with an uncursed dagger of distortion.
* * * LOW HITPOINT WARNING * * *
Space bends around you.
* * * LOW HITPOINT WARNING * * *
Sonja barely misses you. x2; Sonja hits you but does no damage.
You feel strangely unstable. Sonja hits you but does no damage.
Sonja closely misses you.
Unknown command.
Unknown command.
A red film seems to cover your vision as you go berserk!
You feel yourself moving faster!
You feel mighty!
You are feeling very hungry.
Sonja closely misses you. Sonja hits you but does no damage.
Space bends around you.
* * * LOW HITPOINT WARNING * * *
Sonja completely misses you.
You slash Sonja!
Sonja is moderately wounded.
Sonja misses you. Sonja hits you but does no damage. Space bends around you.
* * * LOW HITPOINT WARNING * * *
Sonja barely misses you.
You slash Sonja!
Sonja is almost dead.
Sonja hits you but does no damage. Space warps horribly around you!
You die...

#.# #.รท.......# ## #.##
###'####### #.(# #.....#
##.# #####'### #.#
###......####
#######'###..'......##..
#......(.##.##......'..#
#>.....((#..##......####
#.....K@.'.# #......#
#........### #......#
#........# ####'###
#........# #.#
#........# #. ##.#######
#. #. . # (. #


You could see Sonja.

Vanquished Creatures
  Erica (D:11)
  2 two-headed ogres
  The ghost of appiemonkey the Carver, a novice DsFi of Okawaru (D:8)
  Urug (D:10)
  Nergalle (D:11)
  An unseen horror (D:11)
  Pikel (D:9)
  An ugly thing (D:11)
  Psyche (D:9)
  2 gargoyles
  The ghost of soepske the Cutter, a novice KoFi of Wu Jian (D:5)
  A kobold demonologist (D:11)
  2 polar bears (D:10)
  A hippogriff (D:11)
  11 yaks
  A wyvern (D:8)
  2 hogs (D:7)
  A human (D:7)
  Grum (D:11)
  A hungry ghost (D:9)
  3 slaves (D:9)
  An ice beast (D:9)
  2 orc warriors
  2 phantoms
  2 wolves (D:11)
  10 ogres
  4 centaurs
  A crocodile (D:11)
  A big kobold (D:8)
  4 bullfrogs
  2 scorpions
  3 killer bees (D:10)
  4 howler monkeys
  3 wights (D:8)
  2 centaur zombies
  6 crimson imps
  6 hounds
  2 orc priests
  2 jellies
  11 orc wizards
  Jessica (D:3)
  2 bullfrog skeletons
  6 worker ants
  2 iguanas
  A killer bee zombie (D:9)
  A hound zombie (D:5)
  4 gnolls
  A worker ant zombie (D:10)
  7 adders
  A shadow imp (D:6)
  An ooze (D:5)
  An adder skeleton (D:4)
  4 worms
  5 leopard geckos
  42 orcs
  4 ball pythons
  6 bats
  3 giant cockroaches
  4 goblins
  4 hobgoblins
  5 jackals
  12 kobolds
  8 quokkas
  2 frilled lizards (D:1)
  A jackal skeleton (D:4)
  A leopard gecko skeleton (D:8)
  5 rats
239 creatures vanquished.

Notes
Turn   | Place    | Note
-------+----------+-------------------------------------------
     0 | D:1      | Mgcat the Barachi Berserker began the quest for the Orb.
     0 | D:1      | Reached XP level 1. HP: 18/18 MP: 1/1
   179 | D:1      | Reached XP level 2. HP: 22/25 MP: 2/2
   200 | D:1      | Reached skill level 4 in Fighting
   816 | D:2      | Found a stormy altar of Qazlal.
   930 | D:2      | Reached skill level 4 in Axes
   930 | D:2      | Reached XP level 3. HP: 31/31 MP: 3/3
  1032 | D:2      | Reached ** piety under Trog
  1535 | D:2      | Found a deep blue altar of Sif Muna.
  1628 | D:3      | Noticed Jessica
  1642 | D:3      | Killed Jessica
  1642 | D:3      | Reached XP level 4. HP: 38/38 MP: 4/4
  1665 | D:3      | Found a transporter.
  1725 | D:3      | Reached skill level 5 in Fighting
  1848 | D:3      | Reached XP level 5. HP: 44/44 MP: 5/5
  1850 | D:3      | Reached skill level 5 in Axes
  1881 | D:3      | Found a shimmering altar of Xom.
  2107 | D:3      | Found a transporter.
  2467 | D:4      | Reached skill level 6 in Fighting
  2467 | D:4      | Reached XP level 6. HP: 50/52 MP: 6/6
  2504 | D:4      | Noticed soepske's ghost (amateur DsAK)
  2518 | D:3      | HP: 13/52 [poisoned by soepske's ghost]
  2523 | D:3      | HP: 7/52 [poisoned by soepske's ghost]
  2530 | D:3      | HP: 5/52 [poisoned by soepske's ghost]
  2536 | D:3      | HP: 4/52 [poisoned by soepske's ghost]
  2542 | D:3      | HP: 3/52 [poisoned by soepske's ghost]
  2547 | D:3      | HP: 1/52 [crimson imp/mace (2)]
  2556 | D:3      | HP: 2/52 [crimson imp/mace (1)]
  2567 | D:3      | HP: 5/79 [crimson imp/mace (3)]
  2569 | D:3      | Reached skill level 6 in Axes
  3469 | D:3      | Found a shattered altar of Ashenzari.
  3469 | D:3      | Found a glowing golden altar of the Shining One.
  3538 | D:4      | Noticed a phantom
  3568 | D:4      | Killed a phantom
  3704 | D:4      | Reached skill level 7 in Fighting
  3704 | D:4      | Reached XP level 7. HP: 45/60 MP: 7/7
  3901 | D:5      | Entered Level 5 of the Dungeon
  3902 | D:5      | Found Nilekios's Assorted Antiques.
  4395 | D:5      | Reached skill level 7 in Axes
  4625 | D:5      | Noticed soepske's ghost (novice KoFi)
  4644 | D:5      | Killed soepske's ghost
  4644 | D:5      | Reached skill level 8 in Fighting
  4644 | D:5      | Reached XP level 8. HP: 69/69 MP: 8/8
  4757 | D:5      | Found an iron altar of Okawaru.
  4908 | D:5      | Found a runed door.
  5071 | D:6      | Reached skill level 8 in Axes
  5221 | D:6      | Found a staircase to the Ecumenical Temple.
  5382 | D:6      | Reached skill level 9 in Fighting
  5584 | D:6      | Reached *** piety under Trog
  5667 | D:6      | HP: 16/71 [acid (5)]
  6123 | D:6      | Reached skill level 9 in Axes
  6392 | D:7      | Found a shadowy altar of Dithmenos.
  6464 | D:7      | Found an ornate altar of the Wu Jian Council.
  6502 | D:7      | Reached skill level 10 in Fighting
  6543 | D:7      | Reached XP level 9. HP: 78/78 MP: 9/9
  7181 | D:7      | Reached skill level 10 in Axes
  7187 | D:7      | Reached skill level 11 in Fighting
  7368 | D:8      | Noticed appiemonkey's ghost (novice DsFi)
  7605 | D:8      | Found a radiant altar of Vehumet.
  7605 | D:8      | Noticed a two-headed ogre
  7614 | D:8      | Killed a two-headed ogre
  7614 | D:8      | Reached skill level 11 in Axes
  7614 | D:8      | Reached skill level 3 in Armour
  7614 | D:8      | Reached skill level 3 in Dodging
  7614 | D:8      | Reached XP level 10. HP: 70/89 MP: 10/10
  7647 | D:8      | Reached **** piety under Trog
  7796 | D:8      | Reached skill level 4 in Armour
  7859 | D:8      | Reached skill level 12 in Fighting
  8289 | D:8      | Killed appiemonkey's ghost
  8289 | D:8      | Reached skill level 4 in Dodging
  8514 | D:9      | Found a staircase to the Lair.
  8595 | D:9      | Reached skill level 5 in Armour
  8598 | D:9      | Noticed Psyche
  8614 | D:9      | Killed Psyche
  8618 | D:9      | Found a staircase to the Orcish Mines.
  8673 | D:9      | Noticed Pikel
  8693 | D:9      | HP: 31/135 [Pikel/whip of electrocution (13)]
  8694 | D:9      | Killed Pikel
  8694 | D:9      | Reached skill level 5 in Dodging
  8885 | D:9      | Found an opulent altar of Gozag.
  8939 | D:9      | Received a gift from Trog
  9330 | D:9      | Reached skill level 13 in Fighting
  9330 | D:9      | Reached skill level 12 in Axes
  9330 | D:9      | Reached skill level 8 in Armour
  9330 | D:9      | Reached skill level 7 in Dodging
  9330 | D:9      | Reached XP level 11. HP: 98/98 MP: 11/11
  9331 | D:9      | Reached skill level 14 in Fighting
  9331 | D:9      | Reached skill level 13 in Axes
  9331 | D:9      | Reached skill level 9 in Armour
  9331 | D:9      | Reached skill level 8 in Dodging
  9331 | D:9      | Reached XP level 12. HP: 107/107 MP: 12/12
  9356 | D:10     | Entered Level 10 of the Dungeon
  9655 | D:10     | Reached skill level 9 in Dodging
  9657 | D:10     | Gained mutation: You can hop long distances. [Barachi growth]
  9657 | D:10     | Reached XP level 13. HP: 114/114 MP: 13/13
  9804 | D:10     | Reached ***** piety under Trog
  9873 | D:10     | Found a bloodstained altar of Trog.
  9951 | D:10     | Noticed Urug
  9968 | D:10     | Killed Urug
  9968 | D:10     | Reached skill level 10 in Armour
 10193 | D:11     | Noticed Grum
 10211 | D:11     | Killed Grum
 10260 | D:11     | HP: 38/171 [something (9)]
 10267 | D:11     | HP: 20/114 [something (5)]
 10717 | D:11     | Noticed Erica
 10733 | D:11     | Killed Erica
 10733 | D:11     | Reached skill level 1 in Throwing
 10923 | D:11     | Received a gift from Trog
 10940 | D:11     | Got a slimy war axe {god gift}
 10941 | D:11     | Identified the +10 war axe of Bodily Harmony {flame, -Tele rPois Int+7 Dex+4} (Trog gifted it to you on level 11 of the Dungeon)
 11014 | D:11     | Noticed Nergalle
 11021 | D:11     | Killed Nergalle
 11021 | D:11     | Reached skill level 2 in Throwing
 11077 | D:11     | Noticed Sonja
 11090 | D:11     | Cast into level 2 of the Abyss (Sonja)
 11092 | Abyss:2  | Noticed a starcursed mass
 11113 | Abyss:2  | HP: 25/114 [starcursed mass/accursed screaming (7)]
 11185 | Abyss:2  | HP: 23/114 [large abomination (15)]
 11197 | D:11     | Escaped the Abyss
 11197 | D:11     | HP: 28/114 [Sonja/uncursed dagger of distortion (4)]
 11198 | D:11     | HP: 12/114 [Sonja/uncursed dagger of distortion (7)]
 11201 | D:11     | Mangled by Sonja

Skill      XL: |  1  2  3  4  5  6  7  8  9 10 11 12 13 |
---------------+----------------------------------------+-----
Fighting       | 4 5 6 7 8 10 11 13 14 | 14.8
Axes           | 4 5 6 7 9 11 12 13 | 13.8
Armour         | 3 8 9 10 | 10.7
Dodging        | 3 7 8 9 |  9.9
Throwing       | 2 |  2.1

Action                   |  1- 3 |  4- 6 |  7- 9 | 10-12 | 13-15 || total
-------------------------+-------+-------+-------+-------+-------++-------
Melee: Hand axe          |   108 |   185 |   368 |    78 |       ||   739
       War axe           |       |       |       |   174 |   169 ||   343
Throw: Tomahawk          |       |       |    11 |       |    16 ||    27
Invok: Berserk           |     2 |     5 |     9 |     5 |     9 ||    30
       Trog's Hand       |       |     2 |     2 |     3 |     4 ||    11
       Burn Spellbooks   |       |       |     2 |     2 |       ||     4
 Abil: Hop               |       |       |       |       |     1 ||     1
  Use: Scroll            |       |       |    12 |    10 |     6 ||    28
       Potion            |       |       |       |     2 |     5 ||     7
  Eat: Chunk             |     3 |     8 |    15 |    11 |    15 ||    52
       Ration            |       |     2 |     2 |     1 |       ||     5
Armor: Animal skin       |    14 |       |       |       |       ||    14
       Ring mail         |    27 |    67 |    98 |    72 |    81 ||   345
Dodge: Dodged            |    80 |   106 |   167 |   101 |   153 ||   607
Block: Other             |       |       |     5 |    19 |    22 ||    46
       Reflection        |       |       |       |     1 |       ||     1

Vault maps used:
D:1:      dpeg_arrival_ternary
D:2:      led_sif_pool, grunt_qazlal_sundering
D:3:      gammafunk_steamed_eel, led_xom_imps, nicolae_overflow_hidden_temple,
          uniq_jessica
D:4:      grunt_ministairs_3
D:5:      serial_shops, nicolae_shop_overgrown_old_shop, first_ration,
          minivault_23, okawaru_altar_gauntlet_db, uniq_crazy_yiuf_cottage
D:6:      minmay_temple_entry_junction, hangedman_decor_opposing
D:7:      grunt_dithmenos_smoke_and_mirrors, overflow_temple_1_default,
          mrwooster_statue_mirror, grunt_livestock
D:8:      vehumet_altar_wand_db
D:9:      nicolae_gozag_seed_capital, lair_entry_dummy, orc_david_3, uniq_pikel,
          uniq_psyche
D:10:     trog_ov_bears_minmay, uniq_urug
D:11:     uniq_erica, uniq_grum, uniq_sonja, uniq_nergalle

Table legend:
 A = Turns spent in this place as a percentage of turns spent in the entire game.
 B = Non-inter-level travel turns spent in this place as a percentage of non-inter-level travel turns spent in the entire game.
 C = Inter-level travel turns spent in this place as a percentage of turns spent in this place.
 D = Turns resting spent in this place as a percentage of non-inter-level travel turns spent in this place.
 E = Turns spent auto-exploring this place as a percentage of non-inter-level travel turns spent in this place.
 F = Non-inter-level travel turns spent in this place divided by the number of levels of this place that you've seen.
                   A       B       C       D       E      F
               +-------+-------+-------+-------+-------+----------------------
         Total | 100.0 | 100.0 |   5.3 |   7.1 |  69.4 | 884.2
       Dungeon |  99.0 |  99.0 |   5.3 |   7.2 |  70.1 | 954.9
         Abyss |   1.0 |   1.0 |   0.0 |   0.0 |   0.0 | 107.0
               +-------+-------+-------+-------+-------+----------------------

Table legend:
 A = Kills in this place as a percentage of kills in entire the game.
 B = Kills by you in this place as a percentage of kills by you in the entire game.
 C = Kills by friends in this place as a percentage of kills by friends in the entire game.
 D = Other kills in this place as a percentage of other kills in the entire game.
 E = Experience gained in this place as a percentage of experience gained in the entire game.
 F = Experience gained in this place divided by the number of levels of this place that you have seen.
                   A       B       C       D       E      F
               +-------+-------+-------+-------+-------+----------------------
         Total | 100.0 | 100.0 |   N/A |   N/A | 100.0 | 1642.2
       Dungeon | 100.0 | 100.0 |   N/A |   N/A | 100.0 | 1791.5
               +-------+-------+-------+-------+-------+----------------------
